 Dungeon Sprint DCSS version 0.24.1-14-gf8d2b509d9 (webtiles) character file.

Game seed: 18032448432822189570, levelgen mode: deterministic

93 rocky1 the Insei (level 4, -5/39 HPs)
             Began as a Gnoll Wanderer on Feb 15, 2023.
             Splashed by a jelly's acid (8 damage)
             ... in the Dungeon (Sprint IX: "|||||||||||||||||||||||||||||").
             The game lasted 00:00:27 (59 turns).

rocky1 the Insei (Gnoll Wanderer)                     Turns: 59, Time: 00:00:28

Health: -5/39      AC: -1    Str: 14    XL:     4   Next: 62%
Magic:  5/8        EV: 14    Int: 13    God:
Gold:   0          SH:  0    Dex: 17    Spells: 8/8 levels left

rFire    . . .     SeeInvis .   a - +0 dagger
rCold    . . .     Gourm    .   (no shield)
rNeg     . . .     Faith    .   d - +0 robe
rPois    .         Spirit   .   (no helmet)
rElec    .         Reflect  .   (no cloak)
rCorr    .         Harm     .   (no gloves)
MR       .....     NoTele   +   (no boots)
Stlth    +++.......             (no amulet)
HPRegen  0.13/turn              (no ring)
MPRegen  0.11/turn              (no ring)

@: corroded
A: distributed training, fangs 1, strong nose
a: no special abilities


You were in the Dungeon.
You were not hungry.

You visited 1 branch

Inventory:

Hand Weapons
 a - a +0 dagger (weapon)
Armour
 d - a +0 robe (worn)
Scrolls
 b - 2 scrolls of blinking
Potions
 c - 2 potions of lignification
 e - 2 potions of berserk rage
 g - a potion of curing
 h - a potion of heal wounds
 i - a potion of haste
 j - 2 potions of magic
Comestibles
 f - a ration


   Skills:
 + Level 5.4 Fighting
 + Level 5.4 Short Blades
 + Level 2.8 Long Blades
 + Level 2.8 Axes
 + Level 2.8 Maces & Flails
 + Level 2.8 Polearms
 + Level 2.8 Staves
 + Level 2.8 Slings
 + Level 2.8 Bows
 + Level 2.8 Crossbows
 + Level 2.8 Throwing
 + Level 2.8 Armour
 + Level 3.8 Dodging
 + Level 3.7 Stealth
 + Level 3.8 Shields
 + Level 5.4 Unarmed Combat
 + Level 2.8 Spellcasting
 + Level 2.2 Conjurations
 + Level 2.2 Hexes
 + Level 2.2 Charms
 + Level 2.2 Summonings
 + Level 2.2 Necromancy
 + Level 2.2 Translocations
 + Level 2.2 Transmutations
 + Level 2.2 Fire Magic
 + Level 2.2 Ice Magic
 + Level 2.2 Air Magic
 + Level 2.2 Earth Magic
 + Level 2.2 Poison Magic
 + Level 3.1 Invocations
 + Level 3.8 Evocations


You had 8 spell levels left.
You didn't know any spells.
Your spell library was empty.

Dungeon Overview and Level Annotations

Branches:
Dungeon (1/1)

Altars:


Innate Abilities, Weirdness & Mutations

Your experience applies equally to all skills.
You have very sharp teeth.
Your uncanny sense of smell can sniff out nearby items.


Message History

You hit the jelly.
Your hands burn!
The jelly is lightly wounded.
The jelly hits you but does no damage.
You hit the jelly.
Your hands burn!
The jelly is moderately wounded.
You hit the jelly.
Your hands burn!
You bite the jelly, but do no damage.
The jelly is moderately wounded.
The jelly hits you.
You are splashed with acid!
You hit the jelly.
Your hands burn!
* * * LOW HITPOINT WARNING * * *
The jelly is moderately wounded.
The jelly misses you.
You hit the jelly.
Your hands burn!
* * * LOW HITPOINT WARNING * * *
You bite the jelly, but do no damage.
The jelly is heavily wounded.
The jelly hits you.
* * * LOW HITPOINT WARNING * * *
The acid corrodes you!
You are splashed with acid!
You die...

▓▓▓▓▓▓▓▓▓▓▓▓▓▓▓▓▓▓
+...J@'...††'...<▓
▓▓▓▓▓▓▓▓▓▓▓▓▓▓▓▓▓▓
∆∆∆∆∆∆∆∆∆∆∆


You could see a jelly.

Vanquished Creatures
  A centaur (D)
  An adder (D)
  A dart slug (D)
  A leopard gecko (D)
  A bat skeleton (D)
  A bat zombie (D)
  A goblin (D)
  2 rats (D)
9 creatures vanquished.

Vanquished Creatures (others)
  A spatial maelstrom (D)
1 creature vanquished.

Grand Total: 10 creatures vanquished

Notes
Turn   | Place    | Note
-------+----------+-------------------------------------------
     0 | D        | rocky1 the Gnoll Wanderer began the quest for the Orb.
     0 | D        | rocky1 set off with the following items: a +0 dagger, 2
                  | scrolls of blinking, 2 potions of lignification, a +0 robe,
                  | 2 potions of berserk rage, a ration, a potion of curing, a
                  | potion of heal wounds, a potion of haste, 2 potions of
                  | magic
     0 | D        | Reached XP level 1. HP: 20/20 MP: 2/2
     3 | D        | Banished a spatial maelstrom
    15 | D        | Reached skill level 1 in Invocations
    21 | D        | Reached skill level 1 in Long Blades
    21 | D        | Reached skill level 1 in Axes
    21 | D        | Reached skill level 1 in Maces & Flails
    21 | D        | Reached skill level 1 in Polearms
    21 | D        | Reached skill level 1 in Staves
    21 | D        | Reached skill level 1 in Slings
    21 | D        | Reached skill level 1 in Bows
    21 | D        | Reached skill level 1 in Crossbows
    21 | D        | Reached skill level 1 in Throwing
    21 | D        | Reached skill level 1 in Armour
    21 | D        | Reached skill level 1 in Spellcasting
    21 | D        | Reached XP level 2. HP: 24/26 MP: 4/4
    40 | D        | Noticed a centaur
    42 | D        | Killed a centaur
    42 | D        | Reached skill level 5 in Fighting
    42 | D        | Reached skill level 5 in Short Blades
    42 | D        | Reached skill level 5 in Unarmed Combat
    42 | D        | Reached XP level 3. HP: 33/33 MP: 4/6
    42 | D        | Reached XP level 4. HP: 39/39 MP: 4/7
    59 | D        | Splashed by a jelly's acid

Levels and vault maps discovered:
D:        linesprint [early_d, line_temple, items_1, d_10, items_2, lair_1,
          lair_end, items_3, orc_1, orc_end, items_4, d_15, swamp_1, shoals_1,
          snake_1, spider_1, d_20, vaults_1, items_5, swamp_end, shoals_end,
          snake_end, spider_end, vaults_end, d_27, items_6, zot_1, zot_end,
          crypt_end, forest_end, elf_end, slime_end, tomb_end, abyss_end,
          pan_hell_end]

Skill      XL: |  1  2  3  4 |
---------------+-------------+-----
Invocations    | 1 2 3 |  3.1
Long Blades    | 1 2 |  2.8
Axes           | 1 2 |  2.8
Maces & Flails | 1 2 |  2.8
Polearms       | 1 2 |  2.8
Staves         | 1 2 |  2.8
Slings         | 1 2 |  2.8
Bows           | 1 2 |  2.8
Crossbows      | 1 2 |  2.8
Throwing       | 1 2 |  2.8
Armour         | 1 2 |  2.8
Spellcasting   | 1 2 |  2.8
Fighting       | 5 |  5.4
Short Blades   | 5 |  5.4
Dodging        | 3 |  3.8
Stealth        | 3 |  3.7
Shields        | 3 |  3.8
Unarmed Combat | 5 |  5.4
Conjurations   | 2 |  2.2
Hexes          | 2 |  2.2
Charms         | 2 |  2.2
Summonings     | 2 |  2.2
Necromancy     | 2 |  2.2
Translocations | 2 |  2.2
Transmutations | 2 |  2.2
Fire Magic     | 2 |  2.2
Ice Magic      | 2 |  2.2
Air Magic      | 2 |  2.2
Earth Magic    | 2 |  2.2
Poison Magic   | 2 |  2.2
Evocations     | 3 |  3.8

Action                   |  1- 3 |  4- 6 || total
-------------------------+-------+-------++-------
Melee: Dagger            |    16 |    16 ||    32
       Bite              |     1 |     3 ||     4
       Punch             |     1 |     1 ||     2
 Stab: Sleeping          |     3 |     1 ||     4
Armor: Robe              |       |     4 ||     4
Dodge: Dodged            |     8 |     6 ||    14
